 Dungeon Crawl Stone Soup version 0.24.0-2-g5b39cebb1c (webtiles) character file.

Game seed: 15958095597548041403, levelgen mode: deterministic

81 Fingolfin the Grave Robber (level 4, 0/35 HPs)
             Began as a Formicid Necromancer on Oct 31, 2019.
             Slain by an adder (1 damage)
             ... on level 2 of the Dungeon.
             The game lasted 00:05:14 (2325 turns).

Fingolfin the Grave Robber (Formicid Necromancer)   Turns: 2325, Time: 00:05:15

Health: 0/35       AC:  8    Str: 14    XL:     4   Next: 67%
Magic:  7/7        EV:  6    Int: 14    God:
Gold:   39         SH:  0    Dex: 11    Spells: 6/7 levels left

rFire    . . .     SeeInvis +   n - +0 quarterstaff
rCold    . . .     Gourm    .   (no shield)
rNeg     + . .     Faith    .   b - +0 chain mail
rPois    .         Spirit   .   (helmet unavailable)
rElec    .         Reflect  .   (no cloak)
rCorr    .         Harm     .   (no gloves)
MR       .....                  (no boots)
Stlth    ..........             (no amulet)
HPRegen  0.11/turn              h - ring of positive energy
MPRegen  0.10/turn              (no ring)

@: lethally poisoned (0 -> -4), flying
A: permanent stasis, dig shafts and tunnels, four strong arms, antennae 3
a: Dig, Shaft Self


You were on level 2 of the Dungeon.
You were near starving.

You visited 1 branch of the dungeon, and saw 2 of its levels.

You collected 39 gold pieces.

Inventory:

Hand Weapons
 d - a +0 hand axe
 n - a +0 quarterstaff (weapon)
Missiles
 l - 4 javelins (quivered)
 m - 48 stones
 p - 13 poisoned darts
Armour
 a - a +0 robe
 b - a +0 chain mail (worn)
Jewellery
 h - a ring of positive energy (left hand)
Scrolls
 e - a scroll of fear {unknown}
 q - a scroll of identify {unknown}
Potions
 i - a potion of invisibility {unknown}
 j - a potion of heal wounds {unknown}
Comestibles
 c - 5 rations


   Skills:
 + Level 3.3 Fighting
 - Level 2.0 Dodging
 - Level 2.9 Stealth
 - Level 2.4 Spellcasting
 - Level 4.1 Necromancy


You had 6 spell levels left.
You knew the following spells:

 Your Spells              Type           Power        Failure   Level  Hunger
a - Pain                  Necr           ##..         77%         1    #......

Your spell library contained the following spells:

 Spells                   Type           Power        Failure   Level  Hunger
 Animate Skeleton         Necr           N/A          77%         1    #......
 Vampiric Draining        Necr           ##........   98%         3    ###....
 Regeneration             Chrm/Necr      #.........   100%        3    ###....
 Animate Dead             Necr           N/A          100%        4    #####..


Dungeon Overview and Level Annotations

Branches:
Dungeon (2/15)

Altars:


Innate Abilities, Weirdness & Mutations

You cannot be hasted, slowed, berserked, paralysed or teleported.
You can dig through walls and to a lower floor.
Your four strong arms can wield two-handed weapons with a shield.
You have a pair of large antennae on your head. (SInv)


Message History

You closely miss the adder.
The adder is almost dead.
You feel sick. The adder bites you but does no damage.
You hit the adder but do no damage.
The adder is almost dead.
You feel sick. The adder barely misses you.
The adder bites you but does no damage.
You miss the adder.
The adder is almost dead.
You feel sick. The adder barely misses you. The adder bites you.
* * * LOW HITPOINT WARNING * * *
You closely miss the adder.
The adder is almost dead.
* * * LOW HITPOINT WARNING * * *
You feel sick. The adder bites you.
* * * LOW HITPOINT WARNING * * *
It was a potion of flight.
You feel very buoyant.
You fly up into the air.
The adder bites you.
You die...

.... # # .#..#
.##..# # #..# ###
#..# #.. ### #.#
######.## #.# #
#.....[.####.#####
.####
#@####......#.....
......#S#
#####.....###
.......g# #.###.#
#
#....#...........#
#..##
#..#.......#####.#
#....
#......##.... ...
....# #..#...
..### ### ##..# ..
.[.. ... {..... .
....# .## ###...


You could see an adder and a goblin.

Vanquished Creatures
  3 adders (D:2)
  An ooze (D:2)
  2 worms (D:2)
  A dart slug (D:1)
  2 giant cockroaches (D:1)
  5 hobgoblins
  6 jackals (D:2)
  2 quokkas (D:2)
  6 bats
  2 frilled lizards
  5 goblins
  3 kobolds (D:2)
  4 rats (D:2)
42 creatures vanquished.

Notes
Turn   | Place    | Note
-------+----------+-------------------------------------------
     0 | D:1      | Fingolfin the Formicid Necromancer began the quest for the
                  | Orb.
     0 | D:1      | Reached XP level 1. HP: 13/13 MP: 3/3
   161 | D:1      | Reached XP level 2. HP: 19/19 MP: 5/5
   878 | D:2      | Reached skill level 1 in Fighting
   878 | D:2      | Reached XP level 3. HP: 21/26 MP: 6/6
   971 | D:2      | HP: 2/40 [poisoned by an adder]
   978 | D:2      | HP: 1/40 [poisoned by an adder]
  1393 | D:2      | Reached XP level 4. HP: 31/34 MP: 7/7
  2324 | D:2      | HP: 1/35 [adder (4)]
  2325 | D:2      | Slain by an adder

Levels and vault maps discovered:
D:1:      ebering_hopf_link, layout_basic, minmay_pentomino_u2
D:2:      layout_loops_ring, corexii_shack

Skill      XL: |  1  2  3  4 |
---------------+-------------+-----
Dodging        | 2 |  2.0
Fighting       | 1 2 3 |  3.3
Stealth        | |  2.9
Spellcasting   | |  2.4
Necromancy     | |  4.1

Action                   |  1- 3 |  4- 6 || total
-------------------------+-------+-------++-------
Melee: Hand axe          |    54 |       ||    54
       Quarterstaff      |    50 |   133 ||   183
Throw: Javelin           |     1 |       ||     1
 Cast: Pain              |     3 |       ||     3
  Use: Potion            |     1 |     1 ||     2
       Scroll            |       |     2 ||     2
  Eat: Chunk             |     1 |     2 ||     3
Armor: Chain mail        |    77 |   105 ||   182
Dodge: Dodged            |    24 |    61 ||    85
